%YAML 1.1
%TAG !u! tag:unity3d.com,2011:
--- !u!29 &1
OcclusionCullingSettings:
  m_ObjectHideFlags: 0
  serializedVersion: 2
  m_OcclusionBakeSettings:
    smallestOccluder: 5
    smallestHole: 0.25
    backfaceThreshold: 100
  m_SceneGUID: 00000000000000000000000000000000
  m_OcclusionCullingData: {fileID: 0}
--- !u!104 &2
RenderSettings:
  m_ObjectHideFlags: 0
  serializedVersion: 9
  m_Fog: 0
  m_FogColor: {r: 0.5, g: 0.5, b: 0.5, a: 1}
  m_FogMode: 3
  m_FogDensity: 0.01
  m_LinearFogStart: 0
  m_LinearFogEnd: 300
  m_AmbientSkyColor: {r: 0, g: 0, b: 0, a: 1}
  m_AmbientEquatorColor: {r: 0.114, g: 0.125, b: 0.133, a: 1}
  m_AmbientGroundColor: {r: 0.047, g: 0.043, b: 0.035, a: 1}
  m_AmbientIntensity: 1
  m_AmbientMode: 0
  m_SubtractiveShadowColor: {r: 0.42, g: 0.478, b: 0.627, a: 1}
  m_SkyboxMaterial: {fileID: 0}
  m_HaloStrength: 0.5
  m_FlareStrength: 1
  m_FlareFadeSpeed: 3
  m_HaloTexture: {fileID: 0}
  m_SpotCookie: {fileID: 10001, guid: 0000000000000000e000000000000000, type: 0}
  m_DefaultReflectionMode: 0
  m_DefaultReflectionResolution: 128
  m_ReflectionBounces: 1
  m_ReflectionIntensity: 1
  m_CustomReflection: {fileID: 0}
  m_Sun: {fileID: 0}
  m_IndirectSpecularColor: {r: 0, g: 0, b: 0, a: 1}
  m_UseRadianceAmbientProbe: 0
--- !u!157 &3
LightmapSettings:
  m_ObjectHideFlags: 0
  serializedVersion: 11
  m_GIWorkflowMode: 1
  m_GISettings:
    serializedVersion: 2
    m_BounceScale: 1
    m_IndirectOutputScale: 1
    m_AlbedoBoost: 1
    m_EnvironmentLightingMode: 0
    m_EnableBakedLightmaps: 0
    m_EnableRealtimeLightmaps: 0
  m_LightmapEditorSettings:
    serializedVersion: 12
    m_Resolution: 2
    m_BakeResolution: 40
    m_AtlasSize: 1024
    m_AO: 0
    m_AOMaxDistance: 1
    m_CompAOExponent: 1
    m_CompAOExponentDirect: 0
    m_ExtractAmbientOcclusion: 0
    m_Padding: 2
    m_LightmapParameters: {fileID: 0}
    m_LightmapsBakeMode: 1
    m_TextureCompression: 1
    m_FinalGather: 0
    m_FinalGatherFiltering: 1
    m_FinalGatherRayCount: 256
    m_ReflectionCompression: 2
    m_MixedBakeMode: 2
    m_BakeBackend: 1
    m_PVRSampling: 1
    m_PVRDirectSampleCount: 32
    m_PVRSampleCount: 512
    m_PVRBounces: 2
    m_PVREnvironmentSampleCount: 256
    m_PVREnvironmentReferencePointCount: 2048
    m_PVRFilteringMode: 1
    m_PVRDenoiserTypeDirect: 1
    m_PVRDenoiserTypeIndirect: 1
    m_PVRDenoiserTypeAO: 1
    m_PVRFilterTypeDirect: 0
    m_PVRFilterTypeIndirect: 0
    m_PVRFilterTypeAO: 0
    m_PVREnvironmentMIS: 1
    m_PVRCulling: 1
    m_PVRFilteringGaussRadiusDirect: 1
    m_PVRFilteringGaussRadiusIndirect: 5
    m_PVRFilteringGaussRadiusAO: 2
    m_PVRFilteringAtrousPositionSigmaDirect: 0.5
    m_PVRFilteringAtrousPositionSigmaIndirect: 2
    m_PVRFilteringAtrousPositionSigmaAO: 1
    m_ExportTrainingData: 0
    m_TrainingDataDestination: TrainingData
  m_LightingDataAsset: {fileID: 0}
  m_UseShadowmask: 0
--- !u!196 &4
NavMeshSettings:
  serializedVersion: 2
  m_ObjectHideFlags: 0
  m_BuildSettings:
    serializedVersion: 2
    agentTypeID: 0
    agentRadius: 0.5
    agentHeight: 2
    agentSlope: 45
    agentClimb: 0.4
    ledgeDropHeight: 0
    maxJumpAcrossDistance: 0
    minRegionArea: 2
    manualCellSize: 0
    cellSize: 0.16666667
    manualTileSize: 0
    tileSize: 256
    accuratePlacement: 0
    debug:
      m_Flags: 0
  m_NavMeshData: {fileID: 0}
--- !u!4 &85873953 stripped
Transform:
  m_CorrespondingSourceObject: {fileID: 7099340142987256267, guid: a5736d594fbbd17429f504617cd0aaf9,
    type: 3}
  m_PrefabInstance: {fileID: 7099340143071556842}
  m_PrefabAsset: {fileID: 0}
--- !u!4 &128536068 stripped
Transform:
  m_CorrespondingSourceObject: {fileID: 7099340142960851694, guid: a5736d594fbbd17429f504617cd0aaf9,
    type: 3}
  m_PrefabInstance: {fileID: 7099340143071556842}
  m_PrefabAsset: {fileID: 0}
--- !u!1 &479850003 stripped
GameObject:
  m_CorrespondingSourceObject: {fileID: 7099340143414909689, guid: a5736d594fbbd17429f504617cd0aaf9,
    type: 3}
  m_PrefabInstance: {fileID: 7099340143071556842}
  m_PrefabAsset: {fileID: 0}
--- !u!4 &494972146 stripped
Transform:
  m_CorrespondingSourceObject: {fileID: 7099340143398737944, guid: a5736d594fbbd17429f504617cd0aaf9,
    type: 3}
  m_PrefabInstance: {fileID: 7099340143071556842}
  m_PrefabAsset: {fileID: 0}
--- !u!1001 &506693628
PrefabInstance:
  m_ObjectHideFlags: 0
  serializedVersion: 2
  m_Modification:
    m_TransformParent: {fileID: 0}
    m_Modifications:
    - target: {fileID: 8704296530459726546, guid: 73c7f52c0478ff543993bc50961240ab,
        type: 3}
      propertyPath: m_Name
      value: CameraPlaceholder
      objectReference: {fileID: 0}
    - target: {fileID: 8704296530459726544, guid: 73c7f52c0478ff543993bc50961240ab,
        type: 3}
      propertyPath: m_LocalPosition.x
      value: -85
      objectReference: {fileID: 0}
    - target: {fileID: 8704296530459726544, guid: 73c7f52c0478ff543993bc50961240ab,
        type: 3}
      propertyPath: m_LocalPosition.y
      value: 0
      objectReference: {fileID: 0}
    - target: {fileID: 8704296530459726544, guid: 73c7f52c0478ff543993bc50961240ab,
        type: 3}
      propertyPath: m_LocalPosition.z
      value: 0
      objectReference: {fileID: 0}
    - target: {fileID: 8704296530459726544, guid: 73c7f52c0478ff543993bc50961240ab,
        type: 3}
      propertyPath: m_LocalRotation.x
      value: 0
      objectReference: {fileID: 0}
    - target: {fileID: 8704296530459726544, guid: 73c7f52c0478ff543993bc50961240ab,
        type: 3}
      propertyPath: m_LocalRotation.y
      value: 0
      objectReference: {fileID: 0}
    - target: {fileID: 8704296530459726544, guid: 73c7f52c0478ff543993bc50961240ab,
        type: 3}
      propertyPath: m_LocalRotation.z
      value: 0
      objectReference: {fileID: 0}
    - target: {fileID: 8704296530459726544, guid: 73c7f52c0478ff543993bc50961240ab,
        type: 3}
      propertyPath: m_LocalRotation.w
      value: 1
      objectReference: {fileID: 0}
    - target: {fileID: 8704296530459726544, guid: 73c7f52c0478ff543993bc50961240ab,
        type: 3}
      propertyPath: m_RootOrder
      value: 3
      objectReference: {fileID: 0}
    - target: {fileID: 8704296530459726544, guid: 73c7f52c0478ff543993bc50961240ab,
        type: 3}
      propertyPath: m_LocalEulerAnglesHint.x
      value: 0
      objectReference: {fileID: 0}
    - target: {fileID: 8704296530459726544, guid: 73c7f52c0478ff543993bc50961240ab,
        type: 3}
      propertyPath: m_LocalEulerAnglesHint.y
      value: 0
      objectReference: {fileID: 0}
    - target: {fileID: 8704296530459726544, guid: 73c7f52c0478ff543993bc50961240ab,
        type: 3}
      propertyPath: m_LocalEulerAnglesHint.z
      value: 0
      objectReference: {fileID: 0}
    m_RemovedComponents: []
  m_SourcePrefab: {fileID: 100100000, guid: 73c7f52c0478ff543993bc50961240ab, type: 3}
--- !u!4 &506693629 stripped
Transform:
  m_CorrespondingSourceObject: {fileID: 8704296530459726544, guid: 73c7f52c0478ff543993bc50961240ab,
    type: 3}
  m_PrefabInstance: {fileID: 506693628}
  m_PrefabAsset: {fileID: 0}
--- !u!1 &662125302 stripped
GameObject:
  m_CorrespondingSourceObject: {fileID: 7099340143483702812, guid: a5736d594fbbd17429f504617cd0aaf9,
    type: 3}
  m_PrefabInstance: {fileID: 7099340143071556842}
  m_PrefabAsset: {fileID: 0}
--- !u!1 &688653931
GameObject:
  m_ObjectHideFlags: 0
  m_CorrespondingSourceObject: {fileID: 0}
  m_PrefabInstance: {fileID: 0}
  m_PrefabAsset: {fileID: 0}
  serializedVersion: 6
  m_Component:
  - component: {fileID: 688653934}
  - component: {fileID: 688653933}
  - component: {fileID: 688653932}
  m_Layer: 0
  m_Name: EventSystem
  m_TagString: Untagged
  m_Icon: {fileID: 0}
  m_NavMeshLayer: 0
  m_StaticEditorFlags: 0
  m_IsActive: 1
--- !u!114 &688653932
MonoBehaviour:
  m_ObjectHideFlags: 0
  m_CorrespondingSourceObject: {fileID: 0}
  m_PrefabInstance: {fileID: 0}
  m_PrefabAsset: {fileID: 0}
  m_GameObject: {fileID: 688653931}
  m_Enabled: 1
  m_EditorHideFlags: 0
  m_Script: {fileID: 11500000, guid: 4f231c4fb786f3946a6b90b886c48677, type: 3}
  m_Name: 
  m_EditorClassIdentifier: 
  m_HorizontalAxis: Horizontal
  m_VerticalAxis: Vertical
  m_SubmitButton: Submit
  m_CancelButton: Cancel
  m_InputActionsPerSecond: 10
  m_RepeatDelay: 0.5
  m_ForceModuleActive: 0
--- !u!114 &688653933
MonoBehaviour:
  m_ObjectHideFlags: 0
  m_CorrespondingSourceObject: {fileID: 0}
  m_PrefabInstance: {fileID: 0}
  m_PrefabAsset: {fileID: 0}
  m_GameObject: {fileID: 688653931}
  m_Enabled: 1
  m_EditorHideFlags: 0
  m_Script: {fileID: 11500000, guid: 76c392e42b5098c458856cdf6ecaaaa1, type: 3}
  m_Name: 
  m_EditorClassIdentifier: 
  m_FirstSelected: {fileID: 0}
  m_sendNavigationEvents: 1
  m_DragThreshold: 10
--- !u!4 &688653934
Transform:
  m_ObjectHideFlags: 0
  m_CorrespondingSourceObject: {fileID: 0}
  m_PrefabInstance: {fileID: 0}
  m_PrefabAsset: {fileID: 0}
  m_GameObject: {fileID: 688653931}
  m_LocalRotation: {x: 0, y: 0, z: 0, w: 1}
  m_LocalPosition: {x: 0, y: 0, z: 0}
  m_LocalScale: {x: 1, y: 1, z: 1}
  m_Children: []
  m_Father: {fileID: 0}
  m_RootOrder: 5
  m_LocalEulerAnglesHint: {x: 0, y: 0, z: 0}
--- !u!1 &795692544 stripped
GameObject:
  m_CorrespondingSourceObject: {fileID: 7099340143619619562, guid: a5736d594fbbd17429f504617cd0aaf9,
    type: 3}
  m_PrefabInstance: {fileID: 7099340143071556842}
  m_PrefabAsset: {fileID: 0}
--- !u!4 &815274796 stripped
Transform:
  m_CorrespondingSourceObject: {fileID: 7099340143884726214, guid: a5736d594fbbd17429f504617cd0aaf9,
    type: 3}
  m_PrefabInstance: {fileID: 7099340143071556842}
  m_PrefabAsset: {fileID: 0}
--- !u!1001 &885817815
PrefabInstance:
  m_ObjectHideFlags: 0
  serializedVersion: 2
  m_Modification:
    m_TransformParent: {fileID: 0}
    m_Modifications:
    - target: {fileID: 7874781359382179215, guid: 201bb0720f0dc3c4d8cf64520e7b422d,
        type: 3}
      propertyPath: m_Name
      value: HeartsEmitter
      objectReference: {fileID: 0}
    - target: {fileID: 7874781359382179210, guid: 201bb0720f0dc3c4d8cf64520e7b422d,
        type: 3}
      propertyPath: m_LocalPosition.x
      value: -85
      objectReference: {fileID: 0}
    - target: {fileID: 7874781359382179210, guid: 201bb0720f0dc3c4d8cf64520e7b422d,
        type: 3}
      propertyPath: m_LocalPosition.y
      value: 0
      objectReference: {fileID: 0}
    - target: {fileID: 7874781359382179210, guid: 201bb0720f0dc3c4d8cf64520e7b422d,
        type: 3}
      propertyPath: m_LocalPosition.z
      value: -2
      objectReference: {fileID: 0}
    - target: {fileID: 7874781359382179210, guid: 201bb0720f0dc3c4d8cf64520e7b422d,
        type: 3}
      propertyPath: m_LocalRotation.x
      value: 0
      objectReference: {fileID: 0}
    - target: {fileID: 7874781359382179210, guid: 201bb0720f0dc3c4d8cf64520e7b422d,
        type: 3}
      propertyPath: m_LocalRotation.y
      value: 0
      objectReference: {fileID: 0}
    - target: {fileID: 7874781359382179210, guid: 201bb0720f0dc3c4d8cf64520e7b422d,
        type: 3}
      propertyPath: m_LocalRotation.z
      value: 0
      objectReference: {fileID: 0}
    - target: {fileID: 7874781359382179210, guid: 201bb0720f0dc3c4d8cf64520e7b422d,
        type: 3}
      propertyPath: m_LocalRotation.w
      value: 1
      objectReference: {fileID: 0}
    - target: {fileID: 7874781359382179210, guid: 201bb0720f0dc3c4d8cf64520e7b422d,
        type: 3}
      propertyPath: m_RootOrder
      value: 9
      objectReference: {fileID: 0}
    - target: {fileID: 7874781359382179210, guid: 201bb0720f0dc3c4d8cf64520e7b422d,
        type: 3}
      propertyPath: m_LocalEulerAnglesHint.x
      value: 0
      objectReference: {fileID: 0}
    - target: {fileID: 7874781359382179210, guid: 201bb0720f0dc3c4d8cf64520e7b422d,
        type: 3}
      propertyPath: m_LocalEulerAnglesHint.y
      value: 0
      objectReference: {fileID: 0}
    - target: {fileID: 7874781359382179210, guid: 201bb0720f0dc3c4d8cf64520e7b422d,
        type: 3}
      propertyPath: m_LocalEulerAnglesHint.z
      value: 0
      objectReference: {fileID: 0}
    m_RemovedComponents: []
  m_SourcePrefab: {fileID: 100100000, guid: 201bb0720f0dc3c4d8cf64520e7b422d, type: 3}
--- !u!1 &885817816 stripped
GameObject:
  m_CorrespondingSourceObject: {fileID: 7874781359382179215, guid: 201bb0720f0dc3c4d8cf64520e7b422d,
    type: 3}
  m_PrefabInstance: {fileID: 885817815}
  m_PrefabAsset: {fileID: 0}
--- !u!1 &964047318 stripped
GameObject:
  m_CorrespondingSourceObject: {fileID: 7099340143987082556, guid: a5736d594fbbd17429f504617cd0aaf9,
    type: 3}
  m_PrefabInstance: {fileID: 7099340143071556842}
  m_PrefabAsset: {fileID: 0}
--- !u!1001 &1437914545
PrefabInstance:
  m_ObjectHideFlags: 0
  serializedVersion: 2
  m_Modification:
    m_TransformParent: {fileID: 0}
    m_Modifications:
    - target: {fileID: 3738630045964858084, guid: 24ab0774b79b6734eb6d815a264356a4,
        type: 3}
      propertyPath: m_Name
      value: Main Camera
      objectReference: {fileID: 0}
    - target: {fileID: 3738630045964858087, guid: 24ab0774b79b6734eb6d815a264356a4,
        type: 3}
      propertyPath: m_LocalPosition.x
      value: -85
      objectReference: {fileID: 0}
    - target: {fileID: 3738630045964858087, guid: 24ab0774b79b6734eb6d815a264356a4,
        type: 3}
      propertyPath: m_LocalPosition.y
      value: 0
      objectReference: {fileID: 0}
    - target: {fileID: 3738630045964858087, guid: 24ab0774b79b6734eb6d815a264356a4,
        type: 3}
      propertyPath: m_LocalPosition.z
      value: -10
      objectReference: {fileID: 0}
    - target: {fileID: 3738630045964858087, guid: 24ab0774b79b6734eb6d815a264356a4,
        type: 3}
      propertyPath: m_LocalRotation.x
      value: 0
      objectReference: {fileID: 0}
    - target: {fileID: 3738630045964858087, guid: 24ab0774b79b6734eb6d815a264356a4,
        type: 3}
      propertyPath: m_LocalRotation.y
      value: 0
      objectReference: {fileID: 0}
    - target: {fileID: 3738630045964858087, guid: 24ab0774b79b6734eb6d815a264356a4,
        type: 3}
      propertyPath: m_LocalRotation.z
      value: 0
      objectReference: {fileID: 0}
    - target: {fileID: 3738630045964858087, guid: 24ab0774b79b6734eb6d815a264356a4,
        type: 3}
      propertyPath: m_LocalRotation.w
      value: 1
      objectReference: {fileID: 0}
    - target: {fileID: 3738630045964858087, guid: 24ab0774b79b6734eb6d815a264356a4,
        type: 3}
      propertyPath: m_RootOrder
      value: 2
      objectReference: {fileID: 0}
    - target: {fileID: 3738630045964858087, guid: 24ab0774b79b6734eb6d815a264356a4,
        type: 3}
      propertyPath: m_LocalEulerAnglesHint.x
      value: 0
      objectReference: {fileID: 0}
    - target: {fileID: 3738630045964858087, guid: 24ab0774b79b6734eb6d815a264356a4,
        type: 3}
      propertyPath: m_LocalEulerAnglesHint.y
      value: 0
      objectReference: {fileID: 0}
    - target: {fileID: 3738630045964858087, guid: 24ab0774b79b6734eb6d815a264356a4,
        type: 3}
      propertyPath: m_LocalEulerAnglesHint.z
      value: 0
      objectReference: {fileID: 0}
    - target: {fileID: 3738630045964858072, guid: 24ab0774b79b6734eb6d815a264356a4,
        type: 3}
      propertyPath: placeholder
      value: 
      objectReference: {fileID: 506693629}
    m_RemovedComponents: []
  m_SourcePrefab: {fileID: 100100000, guid: 24ab0774b79b6734eb6d815a264356a4, type: 3}
--- !u!1001 &1794658489
PrefabInstance:
  m_ObjectHideFlags: 0
  serializedVersion: 2
  m_Modification:
    m_TransformParent: {fileID: 0}
    m_Modifications:
    - target: {fileID: 6528216881864804405, guid: 635ab627b7b278e4d9a571d38ebf5060,
        type: 3}
      propertyPath: m_Name
      value: UIElements
      objectReference: {fileID: 0}
    - target: {fileID: 6528216881864804401, guid: 635ab627b7b278e4d9a571d38ebf5060,
        type: 3}
      propertyPath: m_LocalPosition.x
      value: 0
      objectReference: {fileID: 0}
    - target: {fileID: 6528216881864804401, guid: 635ab627b7b278e4d9a571d38ebf5060,
        type: 3}
      propertyPath: m_LocalPosition.y
      value: 0
      objectReference: {fileID: 0}
    - target: {fileID: 6528216881864804401, guid: 635ab627b7b278e4d9a571d38ebf5060,
        type: 3}
      propertyPath: m_LocalPosition.z
      value: 0
      objectReference: {fileID: 0}
    - target: {fileID: 6528216881864804401, guid: 635ab627b7b278e4d9a571d38ebf5060,
        type: 3}
      propertyPath: m_LocalRotation.x
      value: 0
      objectReference: {fileID: 0}
    - target: {fileID: 6528216881864804401, guid: 635ab627b7b278e4d9a571d38ebf5060,
        type: 3}
      propertyPath: m_LocalRotation.y
      value: 0
      objectReference: {fileID: 0}
    - target: {fileID: 6528216881864804401, guid: 635ab627b7b278e4d9a571d38ebf5060,
        type: 3}
      propertyPath: m_LocalRotation.z
      value: 0
      objectReference: {fileID: 0}
    - target: {fileID: 6528216881864804401, guid: 635ab627b7b278e4d9a571d38ebf5060,
        type: 3}
      propertyPath: m_LocalRotation.w
      value: 1
      objectReference: {fileID: 0}
    - target: {fileID: 6528216881864804401, guid: 635ab627b7b278e4d9a571d38ebf5060,
        type: 3}
      propertyPath: m_RootOrder
      value: 7
      objectReference: {fileID: 0}
    - target: {fileID: 6528216881864804401, guid: 635ab627b7b278e4d9a571d38ebf5060,
        type: 3}
      propertyPath: m_LocalEulerAnglesHint.x
      value: 0
      objectReference: {fileID: 0}
    - target: {fileID: 6528216881864804401, guid: 635ab627b7b278e4d9a571d38ebf5060,
        type: 3}
      propertyPath: m_LocalEulerAnglesHint.y
      value: 0
      objectReference: {fileID: 0}
    - target: {fileID: 6528216881864804401, guid: 635ab627b7b278e4d9a571d38ebf5060,
        type: 3}
      propertyPath: m_LocalEulerAnglesHint.z
      value: 0
      objectReference: {fileID: 0}
    - target: {fileID: 6528216881864804401, guid: 635ab627b7b278e4d9a571d38ebf5060,
        type: 3}
      propertyPath: m_AnchoredPosition.x
      value: 0
      objectReference: {fileID: 0}
    - target: {fileID: 6528216881864804401, guid: 635ab627b7b278e4d9a571d38ebf5060,
        type: 3}
      propertyPath: m_AnchoredPosition.y
      value: 0
      objectReference: {fileID: 0}
    - target: {fileID: 6528216881864804401, guid: 635ab627b7b278e4d9a571d38ebf5060,
        type: 3}
      propertyPath: m_SizeDelta.x
      value: 0
      objectReference: {fileID: 0}
    - target: {fileID: 6528216881864804401, guid: 635ab627b7b278e4d9a571d38ebf5060,
        type: 3}
      propertyPath: m_SizeDelta.y
      value: 0
      objectReference: {fileID: 0}
    - target: {fileID: 6528216881864804401, guid: 635ab627b7b278e4d9a571d38ebf5060,
        type: 3}
      propertyPath: m_AnchorMin.x
      value: 0
      objectReference: {fileID: 0}
    - target: {fileID: 6528216881864804401, guid: 635ab627b7b278e4d9a571d38ebf5060,
        type: 3}
      propertyPath: m_AnchorMin.y
      value: 0
      objectReference: {fileID: 0}
    - target: {fileID: 6528216881864804401, guid: 635ab627b7b278e4d9a571d38ebf5060,
        type: 3}
      propertyPath: m_AnchorMax.x
      value: 0
      objectReference: {fileID: 0}
    - target: {fileID: 6528216881864804401, guid: 635ab627b7b278e4d9a571d38ebf5060,
        type: 3}
      propertyPath: m_AnchorMax.y
      value: 0
      objectReference: {fileID: 0}
    - target: {fileID: 6528216881864804401, guid: 635ab627b7b278e4d9a571d38ebf5060,
        type: 3}
      propertyPath: m_Pivot.x
      value: 0
      objectReference: {fileID: 0}
    - target: {fileID: 6528216881864804401, guid: 635ab627b7b278e4d9a571d38ebf5060,
        type: 3}
      propertyPath: m_Pivot.y
      value: 0
      objectReference: {fileID: 0}
    m_RemovedComponents: []
  m_SourcePrefab: {fileID: 100100000, guid: 635ab627b7b278e4d9a571d38ebf5060, type: 3}
--- !u!1 &1794658490 stripped
GameObject:
  m_CorrespondingSourceObject: {fileID: 4878500605154624046, guid: 635ab627b7b278e4d9a571d38ebf5060,
    type: 3}
  m_PrefabInstance: {fileID: 1794658489}
  m_PrefabAsset: {fileID: 0}
--- !u!114 &1794658491 stripped
MonoBehaviour:
  m_CorrespondingSourceObject: {fileID: 6528216881866226644, guid: 635ab627b7b278e4d9a571d38ebf5060,
    type: 3}
  m_PrefabInstance: {fileID: 1794658489}
  m_PrefabAsset: {fileID: 0}
  m_GameObject: {fileID: 0}
  m_Enabled: 1
  m_EditorHideFlags: 0
  m_Script: {fileID: 11500000, guid: 5f7201a12d95ffc409449d95f23cf332, type: 3}
  m_Name: 
  m_EditorClassIdentifier: 
--- !u!1 &1794658492 stripped
GameObject:
  m_CorrespondingSourceObject: {fileID: 6528216882235413053, guid: 635ab627b7b278e4d9a571d38ebf5060,
    type: 3}
  m_PrefabInstance: {fileID: 1794658489}
  m_PrefabAsset: {fileID: 0}
--- !u!114 &1794658493 stripped
MonoBehaviour:
  m_CorrespondingSourceObject: {fileID: 6528216882557967529, guid: 635ab627b7b278e4d9a571d38ebf5060,
    type: 3}
  m_PrefabInstance: {fileID: 1794658489}
  m_PrefabAsset: {fileID: 0}
  m_GameObject: {fileID: 0}
  m_Enabled: 1
  m_EditorHideFlags: 0
  m_Script: {fileID: 11500000, guid: 5f7201a12d95ffc409449d95f23cf332, type: 3}
  m_Name: 
  m_EditorClassIdentifier: 
--- !u!1 &1794658494 stripped
GameObject:
  m_CorrespondingSourceObject: {fileID: 6528216881933325305, guid: 635ab627b7b278e4d9a571d38ebf5060,
    type: 3}
  m_PrefabInstance: {fileID: 1794658489}
  m_PrefabAsset: {fileID: 0}
--- !u!114 &1794658495 stripped
MonoBehaviour:
  m_CorrespondingSourceObject: {fileID: 6528216883051919635, guid: 635ab627b7b278e4d9a571d38ebf5060,
    type: 3}
  m_PrefabInstance: {fileID: 1794658489}
  m_PrefabAsset: {fileID: 0}
  m_GameObject: {fileID: 0}
  m_Enabled: 0
  m_EditorHideFlags: 0
  m_Script: {fileID: 11500000, guid: 5f7201a12d95ffc409449d95f23cf332, type: 3}
  m_Name: 
  m_EditorClassIdentifier: 
--- !u!114 &1794658496 stripped
MonoBehaviour:
  m_CorrespondingSourceObject: {fileID: 6528216883610899587, guid: 635ab627b7b278e4d9a571d38ebf5060,
    type: 3}
  m_PrefabInstance: {fileID: 1794658489}
  m_PrefabAsset: {fileID: 0}
  m_GameObject: {fileID: 0}
  m_Enabled: 1
  m_EditorHideFlags: 0
  m_Script: {fileID: 11500000, guid: 5f7201a12d95ffc409449d95f23cf332, type: 3}
  m_Name: 
  m_EditorClassIdentifier: 
--- !u!1 &1794658497 stripped
GameObject:
  m_CorrespondingSourceObject: {fileID: 6528216882483456289, guid: 635ab627b7b278e4d9a571d38ebf5060,
    type: 3}
  m_PrefabInstance: {fileID: 1794658489}
  m_PrefabAsset: {fileID: 0}
--- !u!114 &1794658498 stripped
MonoBehaviour:
  m_CorrespondingSourceObject: {fileID: 6528216882888056399, guid: 635ab627b7b278e4d9a571d38ebf5060,
    type: 3}
  m_PrefabInstance: {fileID: 1794658489}
  m_PrefabAsset: {fileID: 0}
  m_GameObject: {fileID: 0}
  m_Enabled: 1
  m_EditorHideFlags: 0
  m_Script: {fileID: 11500000, guid: 5f7201a12d95ffc409449d95f23cf332, type: 3}
  m_Name: 
  m_EditorClassIdentifier: 
--- !u!1 &1794658499 stripped
GameObject:
  m_CorrespondingSourceObject: {fileID: 6528216883391418246, guid: 635ab627b7b278e4d9a571d38ebf5060,
    type: 3}
  m_PrefabInstance: {fileID: 1794658489}
  m_PrefabAsset: {fileID: 0}
--- !u!1 &1794658500 stripped
GameObject:
  m_CorrespondingSourceObject: {fileID: 4224673447561449725, guid: 635ab627b7b278e4d9a571d38ebf5060,
    type: 3}
  m_PrefabInstance: {fileID: 1794658489}
  m_PrefabAsset: {fileID: 0}
--- !u!1 &1794658501 stripped
GameObject:
  m_CorrespondingSourceObject: {fileID: 751627200054527400, guid: 635ab627b7b278e4d9a571d38ebf5060,
    type: 3}
  m_PrefabInstance: {fileID: 1794658489}
  m_PrefabAsset: {fileID: 0}
--- !u!1 &1794658502 stripped
GameObject:
  m_CorrespondingSourceObject: {fileID: 5185090609716712423, guid: 635ab627b7b278e4d9a571d38ebf5060,
    type: 3}
  m_PrefabInstance: {fileID: 1794658489}
  m_PrefabAsset: {fileID: 0}
--- !u!1 &1794658503 stripped
GameObject:
  m_CorrespondingSourceObject: {fileID: 2344106071704019357, guid: 635ab627b7b278e4d9a571d38ebf5060,
    type: 3}
  m_PrefabInstance: {fileID: 1794658489}
  m_PrefabAsset: {fileID: 0}
--- !u!1 &1794658504 stripped
GameObject:
  m_CorrespondingSourceObject: {fileID: 2063681159, guid: 635ab627b7b278e4d9a571d38ebf5060,
    type: 3}
  m_PrefabInstance: {fileID: 1794658489}
  m_PrefabAsset: {fileID: 0}
--- !u!1 &1794658505 stripped
GameObject:
  m_CorrespondingSourceObject: {fileID: 6528216883383244634, guid: 635ab627b7b278e4d9a571d38ebf5060,
    type: 3}
  m_PrefabInstance: {fileID: 1794658489}
  m_PrefabAsset: {fileID: 0}
--- !u!1 &1794658506 stripped
GameObject:
  m_CorrespondingSourceObject: {fileID: 1662138298780863310, guid: 635ab627b7b278e4d9a571d38ebf5060,
    type: 3}
  m_PrefabInstance: {fileID: 1794658489}
  m_PrefabAsset: {fileID: 0}
--- !u!114 &1794658507 stripped
MonoBehaviour:
  m_CorrespondingSourceObject: {fileID: 836150433089741537, guid: 635ab627b7b278e4d9a571d38ebf5060,
    type: 3}
  m_PrefabInstance: {fileID: 1794658489}
  m_PrefabAsset: {fileID: 0}
  m_GameObject: {fileID: 0}
  m_Enabled: 1
  m_EditorHideFlags: 0
  m_Script: {fileID: 11500000, guid: fe87c0e1cc204ed48ad3b37840f39efc, type: 3}
  m_Name: 
  m_EditorClassIdentifier: 
--- !u!1 &1794658508 stripped
GameObject:
  m_CorrespondingSourceObject: {fileID: 3071807281998036096, guid: 635ab627b7b278e4d9a571d38ebf5060,
    type: 3}
  m_PrefabInstance: {fileID: 1794658489}
  m_PrefabAsset: {fileID: 0}
--- !u!1 &1794658513 stripped
GameObject:
  m_CorrespondingSourceObject: {fileID: 129979068, guid: 635ab627b7b278e4d9a571d38ebf5060,
    type: 3}
  m_PrefabInstance: {fileID: 1794658489}
  m_PrefabAsset: {fileID: 0}
--- !u!1001 &1905031659
PrefabInstance:
  m_ObjectHideFlags: 0
  serializedVersion: 2
  m_Modification:
    m_TransformParent: {fileID: 0}
    m_Modifications:
    - target: {fileID: 5894866521295048329, guid: ba3cb5c0d41a55d4697165591e97f582,
        type: 3}
      propertyPath: m_Name
      value: PostProc
      objectReference: {fileID: 0}
    - target: {fileID: 5894866521295048331, guid: ba3cb5c0d41a55d4697165591e97f582,
        type: 3}
      propertyPath: m_LocalPosition.x
      value: 0
      objectReference: {fileID: 0}
    - target: {fileID: 5894866521295048331, guid: ba3cb5c0d41a55d4697165591e97f582,
        type: 3}
      propertyPath: m_LocalPosition.y
      value: 0
      objectReference: {fileID: 0}
    - target: {fileID: 5894866521295048331, guid: ba3cb5c0d41a55d4697165591e97f582,
        type: 3}
      propertyPath: m_LocalPosition.z
      value: 0
      objectReference: {fileID: 0}
    - target: {fileID: 5894866521295048331, guid: ba3cb5c0d41a55d4697165591e97f582,
        type: 3}
      propertyPath: m_LocalRotation.x
      value: 0
      objectReference: {fileID: 0}
    - target: {fileID: 5894866521295048331, guid: ba3cb5c0d41a55d4697165591e97f582,
        type: 3}
      propertyPath: m_LocalRotation.y
      value: 0
      objectReference: {fileID: 0}
    - target: {fileID: 5894866521295048331, guid: ba3cb5c0d41a55d4697165591e97f582,
        type: 3}
      propertyPath: m_LocalRotation.z
      value: 0
      objectReference: {fileID: 0}
    - target: {fileID: 5894866521295048331, guid: ba3cb5c0d41a55d4697165591e97f582,
        type: 3}
      propertyPath: m_LocalRotation.w
      value: 1
      objectReference: {fileID: 0}
    - target: {fileID: 5894866521295048331, guid: ba3cb5c0d41a55d4697165591e97f582,
        type: 3}
      propertyPath: m_RootOrder
      value: 4
      objectReference: {fileID: 0}
    - target: {fileID: 5894866521295048331, guid: ba3cb5c0d41a55d4697165591e97f582,
        type: 3}
      propertyPath: m_LocalEulerAnglesHint.x
      value: 0
      objectReference: {fileID: 0}
    - target: {fileID: 5894866521295048331, guid: ba3cb5c0d41a55d4697165591e97f582,
        type: 3}
      propertyPath: m_LocalEulerAnglesHint.y
      value: 0
      objectReference: {fileID: 0}
    - target: {fileID: 5894866521295048331, guid: ba3cb5c0d41a55d4697165591e97f582,
        type: 3}
      propertyPath: m_LocalEulerAnglesHint.z
      value: 0
      objectReference: {fileID: 0}
    m_RemovedComponents: []
  m_SourcePrefab: {fileID: 100100000, guid: ba3cb5c0d41a55d4697165591e97f582, type: 3}
--- !u!1 &1928314621 stripped
GameObject:
  m_CorrespondingSourceObject: {fileID: 7099340144919759383, guid: a5736d594fbbd17429f504617cd0aaf9,
    type: 3}
  m_PrefabInstance: {fileID: 7099340143071556842}
  m_PrefabAsset: {fileID: 0}
--- !u!1001 &3930355830481625451
PrefabInstance:
  m_ObjectHideFlags: 0
  serializedVersion: 2
  m_Modification:
    m_TransformParent: {fileID: 0}
    m_Modifications:
    - target: {fileID: 3930355831252269814, guid: bafc7ae4eed412d4eb7bc03dcc9a0f85,
        type: 3}
      propertyPath: m_Name
      value: InputManager
      objectReference: {fileID: 0}
    - target: {fileID: 3930355831252269812, guid: bafc7ae4eed412d4eb7bc03dcc9a0f85,
        type: 3}
      propertyPath: m_LocalPosition.x
      value: 0
      objectReference: {fileID: 0}
    - target: {fileID: 3930355831252269812, guid: bafc7ae4eed412d4eb7bc03dcc9a0f85,
        type: 3}
      propertyPath: m_LocalPosition.y
      value: 0
      objectReference: {fileID: 0}
    - target: {fileID: 3930355831252269812, guid: bafc7ae4eed412d4eb7bc03dcc9a0f85,
        type: 3}
      propertyPath: m_LocalPosition.z
      value: 0
      objectReference: {fileID: 0}
    - target: {fileID: 3930355831252269812, guid: bafc7ae4eed412d4eb7bc03dcc9a0f85,
        type: 3}
      propertyPath: m_LocalRotation.x
      value: 0
      objectReference: {fileID: 0}
    - target: {fileID: 3930355831252269812, guid: bafc7ae4eed412d4eb7bc03dcc9a0f85,
        type: 3}
      propertyPath: m_LocalRotation.y
      value: 0
      objectReference: {fileID: 0}
    - target: {fileID: 3930355831252269812, guid: bafc7ae4eed412d4eb7bc03dcc9a0f85,
        type: 3}
      propertyPath: m_LocalRotation.z
      value: 0
      objectReference: {fileID: 0}
    - target: {fileID: 3930355831252269812, guid: bafc7ae4eed412d4eb7bc03dcc9a0f85,
        type: 3}
      propertyPath: m_LocalRotation.w
      value: 1
      objectReference: {fileID: 0}
    - target: {fileID: 3930355831252269812, guid: bafc7ae4eed412d4eb7bc03dcc9a0f85,
        type: 3}
      propertyPath: m_RootOrder
      value: 0
      objectReference: {fileID: 0}
    - target: {fileID: 3930355831252269812, guid: bafc7ae4eed412d4eb7bc03dcc9a0f85,
        type: 3}
      propertyPath: m_LocalEulerAnglesHint.x
      value: 0
      objectReference: {fileID: 0}
    - target: {fileID: 3930355831252269812, guid: bafc7ae4eed412d4eb7bc03dcc9a0f85,
        type: 3}
      propertyPath: m_LocalEulerAnglesHint.y
      value: 0
      objectReference: {fileID: 0}
    - target: {fileID: 3930355831252269812, guid: bafc7ae4eed412d4eb7bc03dcc9a0f85,
        type: 3}
      propertyPath: m_LocalEulerAnglesHint.z
      value: 0
      objectReference: {fileID: 0}
    m_RemovedComponents: []
  m_SourcePrefab: {fileID: 100100000, guid: bafc7ae4eed412d4eb7bc03dcc9a0f85, type: 3}
--- !u!1001 &4425352327199164977
PrefabInstance:
  m_ObjectHideFlags: 0
  serializedVersion: 2
  m_Modification:
    m_TransformParent: {fileID: 0}
    m_Modifications:
    - target: {fileID: 4425352328278057638, guid: 4f083abba6cda2b4382c41a2fb5f05bf,
        type: 3}
      propertyPath: m_Name
      value: SpawnManager
      objectReference: {fileID: 0}
    - target: {fileID: 4425352328278057640, guid: 4f083abba6cda2b4382c41a2fb5f05bf,
        type: 3}
      propertyPath: m_LocalPosition.x
      value: 0
      objectReference: {fileID: 0}
    - target: {fileID: 4425352328278057640, guid: 4f083abba6cda2b4382c41a2fb5f05bf,
        type: 3}
      propertyPath: m_LocalPosition.y
      value: 0
      objectReference: {fileID: 0}
    - target: {fileID: 4425352328278057640, guid: 4f083abba6cda2b4382c41a2fb5f05bf,
        type: 3}
      propertyPath: m_LocalPosition.z
      value: 0
      objectReference: {fileID: 0}
    - target: {fileID: 4425352328278057640, guid: 4f083abba6cda2b4382c41a2fb5f05bf,
        type: 3}
      propertyPath: m_LocalRotation.x
      value: 0
      objectReference: {fileID: 0}
    - target: {fileID: 4425352328278057640, guid: 4f083abba6cda2b4382c41a2fb5f05bf,
        type: 3}
      propertyPath: m_LocalRotation.y
      value: 0
      objectReference: {fileID: 0}
    - target: {fileID: 4425352328278057640, guid: 4f083abba6cda2b4382c41a2fb5f05bf,
        type: 3}
      propertyPath: m_LocalRotation.z
      value: 0
      objectReference: {fileID: 0}
    - target: {fileID: 4425352328278057640, guid: 4f083abba6cda2b4382c41a2fb5f05bf,
        type: 3}
      propertyPath: m_LocalRotation.w
      value: 1
      objectReference: {fileID: 0}
    - target: {fileID: 4425352328278057640, guid: 4f083abba6cda2b4382c41a2fb5f05bf,
        type: 3}
      propertyPath: m_RootOrder
      value: 1
      objectReference: {fileID: 0}
    - target: {fileID: 4425352328278057640, guid: 4f083abba6cda2b4382c41a2fb5f05bf,
        type: 3}
      propertyPath: m_LocalEulerAnglesHint.x
      value: 0
      objectReference: {fileID: 0}
    - target: {fileID: 4425352328278057640, guid: 4f083abba6cda2b4382c41a2fb5f05bf,
        type: 3}
      propertyPath: m_LocalEulerAnglesHint.y
      value: 0
      objectReference: {fileID: 0}
    - target: {fileID: 4425352328278057640, guid: 4f083abba6cda2b4382c41a2fb5f05bf,
        type: 3}
      propertyPath: m_LocalEulerAnglesHint.z
      value: 0
      objectReference: {fileID: 0}
    - target: {fileID: 4425352328278057641, guid: 4f083abba6cda2b4382c41a2fb5f05bf,
        type: 3}
      propertyPath: spawnTransforms.Array.data[0]
      value: 
      objectReference: {fileID: 815274796}
    - target: {fileID: 4425352328278057641, guid: 4f083abba6cda2b4382c41a2fb5f05bf,
        type: 3}
      propertyPath: spawnTransforms.Array.data[1]
      value: 
      objectReference: {fileID: 494972146}
    - target: {fileID: 4425352328278057641, guid: 4f083abba6cda2b4382c41a2fb5f05bf,
        type: 3}
      propertyPath: spawnTransforms.Array.data[2]
      value: 
      objectReference: {fileID: 128536068}
    - target: {fileID: 4425352328278057641, guid: 4f083abba6cda2b4382c41a2fb5f05bf,
        type: 3}
      propertyPath: spawnTransforms.Array.data[3]
      value: 
      objectReference: {fileID: 85873953}
    - target: {fileID: 4425352328278057641, guid: 4f083abba6cda2b4382c41a2fb5f05bf,
        type: 3}
      propertyPath: innerWallsContainer
      value: 
      objectReference: {fileID: 795692544}
    - target: {fileID: 4425352328278057641, guid: 4f083abba6cda2b4382c41a2fb5f05bf,
        type: 3}
      propertyPath: groundHolesContainer
      value: 
      objectReference: {fileID: 1928314621}
    - target: {fileID: 4425352328278057641, guid: 4f083abba6cda2b4382c41a2fb5f05bf,
        type: 3}
      propertyPath: bombsContainer
      value: 
      objectReference: {fileID: 964047318}
    - target: {fileID: 4425352328278057641, guid: 4f083abba6cda2b4382c41a2fb5f05bf,
        type: 3}
      propertyPath: rewardsContainer
      value: 
      objectReference: {fileID: 479850003}
    - target: {fileID: 4425352328278057641, guid: 4f083abba6cda2b4382c41a2fb5f05bf,
        type: 3}
      propertyPath: pUPSContainer
      value: 
      objectReference: {fileID: 662125302}
    - target: {fileID: 4425352328278057641, guid: 4f083abba6cda2b4382c41a2fb5f05bf,
        type: 3}
      propertyPath: innerSpikeWallsContainer
      value: 
      objectReference: {fileID: 7099340143071556843}
    m_RemovedComponents: []
  m_SourcePrefab: {fileID: 100100000, guid: 4f083abba6cda2b4382c41a2fb5f05bf, type: 3}
--- !u!1001 &4886704770588219989
PrefabInstance:
  m_ObjectHideFlags: 0
  serializedVersion: 2
  m_Modification:
    m_TransformParent: {fileID: 0}
    m_Modifications:
    - target: {fileID: 4886704770867889605, guid: 8155311d4d63efa469f2d00baead1318,
        type: 3}
      propertyPath: m_Name
      value: UIManager
      objectReference: {fileID: 0}
    - target: {fileID: 4886704770867889607, guid: 8155311d4d63efa469f2d00baead1318,
        type: 3}
      propertyPath: m_LocalPosition.x
      value: 0
      objectReference: {fileID: 0}
    - target: {fileID: 4886704770867889607, guid: 8155311d4d63efa469f2d00baead1318,
        type: 3}
      propertyPath: m_LocalPosition.y
      value: 0
      objectReference: {fileID: 0}
    - target: {fileID: 4886704770867889607, guid: 8155311d4d63efa469f2d00baead1318,
        type: 3}
      propertyPath: m_LocalPosition.z
      value: 0
      objectReference: {fileID: 0}
    - target: {fileID: 4886704770867889607, guid: 8155311d4d63efa469f2d00baead1318,
        type: 3}
      propertyPath: m_LocalRotation.x
      value: -0
      objectReference: {fileID: 0}
    - target: {fileID: 4886704770867889607, guid: 8155311d4d63efa469f2d00baead1318,
        type: 3}
      propertyPath: m_LocalRotation.y
      value: -0
      objectReference: {fileID: 0}
    - target: {fileID: 4886704770867889607, guid: 8155311d4d63efa469f2d00baead1318,
        type: 3}
      propertyPath: m_LocalRotation.z
      value: -0
      objectReference: {fileID: 0}
    - target: {fileID: 4886704770867889607, guid: 8155311d4d63efa469f2d00baead1318,
        type: 3}
      propertyPath: m_LocalRotation.w
      value: 1
      objectReference: {fileID: 0}
    - target: {fileID: 4886704770867889607, guid: 8155311d4d63efa469f2d00baead1318,
        type: 3}
      propertyPath: m_RootOrder
      value: 6
      objectReference: {fileID: 0}
    - target: {fileID: 4886704770867889607, guid: 8155311d4d63efa469f2d00baead1318,
        type: 3}
      propertyPath: m_LocalEulerAnglesHint.x
      value: 0
      objectReference: {fileID: 0}
    - target: {fileID: 4886704770867889607, guid: 8155311d4d63efa469f2d00baead1318,
        type: 3}
      propertyPath: m_LocalEulerAnglesHint.y
      value: 0
      objectReference: {fileID: 0}
    - target: {fileID: 4886704770867889607, guid: 8155311d4d63efa469f2d00baead1318,
        type: 3}
      propertyPath: m_LocalEulerAnglesHint.z
      value: 0
      objectReference: {fileID: 0}
    - target: {fileID: 4886704770867889604, guid: 8155311d4d63efa469f2d00baead1318,
        type: 3}
      propertyPath: timer
      value: 
      objectReference: {fileID: 1794658495}
    - target: {fileID: 4886704770867889604, guid: 8155311d4d63efa469f2d00baead1318,
        type: 3}
      propertyPath: score
      value: 
      objectReference: {fileID: 1794658496}
    - target: {fileID: 4886704770867889604, guid: 8155311d4d63efa469f2d00baead1318,
        type: 3}
      propertyPath: infoPanelGuide
      value: 
      objectReference: {fileID: 1794658498}
    - target: {fileID: 4886704770867889604, guid: 8155311d4d63efa469f2d00baead1318,
        type: 3}
      propertyPath: restartGuide
      value: 
      objectReference: {fileID: 0}
    - target: {fileID: 4886704770867889604, guid: 8155311d4d63efa469f2d00baead1318,
        type: 3}
      propertyPath: winPanel
      value: 
      objectReference: {fileID: 1794658494}
    - target: {fileID: 4886704770867889604, guid: 8155311d4d63efa469f2d00baead1318,
        type: 3}
      propertyPath: winRoundText
      value: 
      objectReference: {fileID: 1794658493}
    - target: {fileID: 4886704770867889604, guid: 8155311d4d63efa469f2d00baead1318,
        type: 3}
      propertyPath: lostPanel
      value: 
      objectReference: {fileID: 1794658492}
    - target: {fileID: 4886704770867889604, guid: 8155311d4d63efa469f2d00baead1318,
        type: 3}
      propertyPath: lostRoundText
      value: 
      objectReference: {fileID: 1794658491}
    - target: {fileID: 4886704770867889604, guid: 8155311d4d63efa469f2d00baead1318,
        type: 3}
      propertyPath: infoPanel
      value: 
      objectReference: {fileID: 1794658497}
    - target: {fileID: 4886704770867889604, guid: 8155311d4d63efa469f2d00baead1318,
        type: 3}
      propertyPath: title
      value: 
      objectReference: {fileID: 0}
    - target: {fileID: 4886704770867889604, guid: 8155311d4d63efa469f2d00baead1318,
        type: 3}
      propertyPath: hotkeys
      value: 
      objectReference: {fileID: 0}
    - target: {fileID: 4886704770867889604, guid: 8155311d4d63efa469f2d00baead1318,
        type: 3}
      propertyPath: start
      value: 
      objectReference: {fileID: 1794658499}
    - target: {fileID: 4886704770867889604, guid: 8155311d4d63efa469f2d00baead1318,
        type: 3}
      propertyPath: winRound
      value: 
      objectReference: {fileID: 1794658493}
    - target: {fileID: 4886704770867889604, guid: 8155311d4d63efa469f2d00baead1318,
        type: 3}
      propertyPath: lostRound
      value: 
      objectReference: {fileID: 1794658491}
    - target: {fileID: 4886704770867889604, guid: 8155311d4d63efa469f2d00baead1318,
        type: 3}
      propertyPath: hotkeys.Array.data[0]
      value: 
      objectReference: {fileID: 1794658504}
    - target: {fileID: 4886704770867889604, guid: 8155311d4d63efa469f2d00baead1318,
        type: 3}
      propertyPath: hotkeys.Array.data[1]
      value: 
      objectReference: {fileID: 1794658503}
    - target: {fileID: 4886704770867889604, guid: 8155311d4d63efa469f2d00baead1318,
        type: 3}
      propertyPath: hotkeys.Array.data[2]
      value: 
      objectReference: {fileID: 1794658502}
    - target: {fileID: 4886704770867889604, guid: 8155311d4d63efa469f2d00baead1318,
        type: 3}
      propertyPath: hotkeys.Array.data[3]
      value: 
      objectReference: {fileID: 1794658501}
    - target: {fileID: 4886704770867889604, guid: 8155311d4d63efa469f2d00baead1318,
        type: 3}
      propertyPath: hotkeys.Array.data[4]
      value: 
      objectReference: {fileID: 1794658500}
    - target: {fileID: 4886704770867889604, guid: 8155311d4d63efa469f2d00baead1318,
        type: 3}
      propertyPath: hotkeys.Array.data[5]
      value: 
      objectReference: {fileID: 1794658490}
    - target: {fileID: 4886704770867889604, guid: 8155311d4d63efa469f2d00baead1318,
        type: 3}
      propertyPath: heartStamina
      value: 
      objectReference: {fileID: 1794658507}
    - target: {fileID: 4886704770867889604, guid: 8155311d4d63efa469f2d00baead1318,
        type: 3}
      propertyPath: gameUIElementsList.Array.data[7]
      value: 
      objectReference: {fileID: 1794658505}
    - target: {fileID: 4886704770867889604, guid: 8155311d4d63efa469f2d00baead1318,
        type: 3}
      propertyPath: gameUIElementsList.Array.data[0]
      value: 
      objectReference: {fileID: 1794658499}
    - target: {fileID: 4886704770867889604, guid: 8155311d4d63efa469f2d00baead1318,
        type: 3}
      propertyPath: gameUIElementsList.Array.data[1]
      value: 
      objectReference: {fileID: 885817816}
    - target: {fileID: 4886704770867889604, guid: 8155311d4d63efa469f2d00baead1318,
        type: 3}
      propertyPath: gameUIElementsList.Array.data[2]
      value: 
      objectReference: {fileID: 1794658513}
    - target: {fileID: 4886704770867889604, guid: 8155311d4d63efa469f2d00baead1318,
        type: 3}
      propertyPath: gameUIElementsList.Array.data[3]
      value: 
      objectReference: {fileID: 1794658508}
    - target: {fileID: 4886704770867889604, guid: 8155311d4d63efa469f2d00baead1318,
        type: 3}
      propertyPath: gameUIElementsList.Array.data[5]
      value: 
      objectReference: {fileID: 1794658506}
    - target: {fileID: 4886704770867889604, guid: 8155311d4d63efa469f2d00baead1318,
        type: 3}
      propertyPath: gameUIElementsList.Array.data[4]
      value: 
      objectReference: {fileID: 1794658497}
    - target: {fileID: 4886704770867889604, guid: 8155311d4d63efa469f2d00baead1318,
        type: 3}
      propertyPath: gameUIElementsList.Array.data[6]
      value: 
      objectReference: {fileID: 1794658494}
    - target: {fileID: 4886704770867889604, guid: 8155311d4d63efa469f2d00baead1318,
        type: 3}
      propertyPath: gameUIElementsList.Array.data[8]
      value: 
      objectReference: {fileID: 1794658497}
    - target: {fileID: 4886704770867889604, guid: 8155311d4d63efa469f2d00baead1318,
        type: 3}
      propertyPath: gameUIElementsList.Array.data[9]
      value: 
      objectReference: {fileID: 1794658506}
    - target: {fileID: 4886704770867889604, guid: 8155311d4d63efa469f2d00baead1318,
        type: 3}
      propertyPath: gameUIElementsList.Array.data[10]
      value: 
      objectReference: {fileID: 1794658494}
    - target: {fileID: 4886704770867889604, guid: 8155311d4d63efa469f2d00baead1318,
        type: 3}
      propertyPath: gameUIElementsList.Array.data[11]
      value: 
      objectReference: {fileID: 1794658505}
    m_RemovedComponents: []
  m_SourcePrefab: {fileID: 100100000, guid: 8155311d4d63efa469f2d00baead1318, type: 3}
--- !u!1001 &7099340143071556842
PrefabInstance:
  m_ObjectHideFlags: 0
  serializedVersion: 2
  m_Modification:
    m_TransformParent: {fileID: 0}
    m_Modifications:
    - target: {fileID: 7099340143038793085, guid: a5736d594fbbd17429f504617cd0aaf9,
        type: 3}
      propertyPath: m_Name
      value: Environment
      objectReference: {fileID: 0}
    - target: {fileID: 7099340143038793074, guid: a5736d594fbbd17429f504617cd0aaf9,
        type: 3}
      propertyPath: m_LocalPosition.x
      value: 0
      objectReference: {fileID: 0}
    - target: {fileID: 7099340143038793074, guid: a5736d594fbbd17429f504617cd0aaf9,
        type: 3}
      propertyPath: m_LocalPosition.y
      value: 0
      objectReference: {fileID: 0}
    - target: {fileID: 7099340143038793074, guid: a5736d594fbbd17429f504617cd0aaf9,
        type: 3}
      propertyPath: m_LocalPosition.z
      value: 0
      objectReference: {fileID: 0}
    - target: {fileID: 7099340143038793074, guid: a5736d594fbbd17429f504617cd0aaf9,
        type: 3}
      propertyPath: m_LocalRotation.x
      value: 0
      objectReference: {fileID: 0}
    - target: {fileID: 7099340143038793074, guid: a5736d594fbbd17429f504617cd0aaf9,
        type: 3}
      propertyPath: m_LocalRotation.y
      value: 0
      objectReference: {fileID: 0}
    - target: {fileID: 7099340143038793074, guid: a5736d594fbbd17429f504617cd0aaf9,
        type: 3}
      propertyPath: m_LocalRotation.z
      value: 0
      objectReference: {fileID: 0}
    - target: {fileID: 7099340143038793074, guid: a5736d594fbbd17429f504617cd0aaf9,
        type: 3}
      propertyPath: m_LocalRotation.w
      value: 1
      objectReference: {fileID: 0}
    - target: {fileID: 7099340143038793074, guid: a5736d594fbbd17429f504617cd0aaf9,
        type: 3}
      propertyPath: m_RootOrder
      value: 8
      objectReference: {fileID: 0}
    - target: {fileID: 7099340143038793074, guid: a5736d594fbbd17429f504617cd0aaf9,
        type: 3}
      propertyPath: m_LocalEulerAnglesHint.x
      value: 0
      objectReference: {fileID: 0}
    - target: {fileID: 7099340143038793074, guid: a5736d594fbbd17429f504617cd0aaf9,
        type: 3}
      propertyPath: m_LocalEulerAnglesHint.y
      value: 0
      objectReference: {fileID: 0}
    - target: {fileID: 7099340143038793074, guid: a5736d594fbbd17429f504617cd0aaf9,
        type: 3}
      propertyPath: m_LocalEulerAnglesHint.z
      value: 0
      objectReference: {fileID: 0}
    - target: {fileID: 3947699701541705921, guid: a5736d594fbbd17429f504617cd0aaf9,
        type: 3}
      propertyPath: m_LocalPosition.x
      value: 17.75
      objectReference: {fileID: 0}
    - target: {fileID: 3947699700824991651, guid: a5736d594fbbd17429f504617cd0aaf9,
        type: 3}
      propertyPath: m_LocalPosition.x
      value: -17.75
      objectReference: {fileID: 0}
    - target: {fileID: 3947699700384677860, guid: a5736d594fbbd17429f504617cd0aaf9,
        type: 3}
      propertyPath: m_LocalPosition.y
      value: -17.75
      objectReference: {fileID: 0}
    - target: {fileID: 3947699699918913302, guid: a5736d594fbbd17429f504617cd0aaf9,
        type: 3}
      propertyPath: m_LocalPosition.y
      value: 17.75
      objectReference: {fileID: 0}
    - target: {fileID: 246050068625939741, guid: a5736d594fbbd17429f504617cd0aaf9,
        type: 3}
      propertyPath: m_Size.x
      value: 30.5
      objectReference: {fileID: 0}
    - target: {fileID: 246050067955272146, guid: a5736d594fbbd17429f504617cd0aaf9,
        type: 3}
      propertyPath: m_Size.x
      value: 30.5
      objectReference: {fileID: 0}
    - target: {fileID: 3743128215406413891, guid: a5736d594fbbd17429f504617cd0aaf9,
        type: 3}
      propertyPath: m_Size.x
      value: 30.5
      objectReference: {fileID: 0}
    - target: {fileID: 246050069143943854, guid: a5736d594fbbd17429f504617cd0aaf9,
        type: 3}
      propertyPath: m_Size.x
      value: 30.5
      objectReference: {fileID: 0}
    - target: {fileID: 8483667429896065946, guid: a5736d594fbbd17429f504617cd0aaf9,
        type: 3}
      propertyPath: m_SpriteTilingProperty.newSize.x
      value: 28
      objectReference: {fileID: 0}
    - target: {fileID: 8483667429896065946, guid: a5736d594fbbd17429f504617cd0aaf9,
        type: 3}
      propertyPath: m_Size.x
      value: 30.5
      objectReference: {fileID: 0}
    - target: {fileID: 8483667430299010901, guid: a5736d594fbbd17429f504617cd0aaf9,
        type: 3}
      propertyPath: m_SpriteTilingProperty.newSize.x
      value: 28
      objectReference: {fileID: 0}
    - target: {fileID: 8483667430299010901, guid: a5736d594fbbd17429f504617cd0aaf9,
        type: 3}
      propertyPath: m_Size.x
      value: 30.5
      objectReference: {fileID: 0}
    - target: {fileID: 4982226832723265220, guid: a5736d594fbbd17429f504617cd0aaf9,
        type: 3}
      propertyPath: m_SpriteTilingProperty.newSize.x
      value: 28
      objectReference: {fileID: 0}
    - target: {fileID: 4982226832723265220, guid: a5736d594fbbd17429f504617cd0aaf9,
        type: 3}
      propertyPath: m_Size.x
      value: 30.5
      objectReference: {fileID: 0}
    - target: {fileID: 8483667429344523305, guid: a5736d594fbbd17429f504617cd0aaf9,
        type: 3}
      propertyPath: m_SpriteTilingProperty.newSize.x
      value: 28
      objectReference: {fileID: 0}
    - target: {fileID: 8483667429344523305, guid: a5736d594fbbd17429f504617cd0aaf9,
        type: 3}
      propertyPath: m_Size.x
      value: 30.5
      objectReference: {fileID: 0}
    m_RemovedComponents: []
  m_SourcePrefab: {fileID: 100100000, guid: a5736d594fbbd17429f504617cd0aaf9, type: 3}
--- !u!1 &7099340143071556843 stripped
GameObject:
  m_CorrespondingSourceObject: {fileID: 1286737778472980359, guid: a5736d594fbbd17429f504617cd0aaf9,
    type: 3}
  m_PrefabInstance: {fileID: 7099340143071556842}
  m_PrefabAsset: {fileID: 0}
